 Dungeon Crawl Stone Soup version 0.24-a0-29-g43a6aff (console) character file.

Game seed: 3668381828723168047

1179 Duffy the Cleaver (level 8, 0/67 HPs)
             Began as a Naga Gladiator on Feb 2, 2019.
             Was an Initiate of Cheibriados.
             Killed by divine providence
             ... invoked by an orc priest
              (11 damage)
             ... on level 5 of the Dungeon.
             The game lasted 00:05:33 (4780 turns).

Duffy the Cleaver (Naga Gladiator)                  Turns: 4780, Time: 00:05:34

Health: 0/67       AC:  9    Str: 20    XL:     8   Next: 42%
Magic:  17/17      EV: 10    Int:  9    God:    Cheibriados [......]
Gold:   168        SH:  0    Dex: 14    Spells: 7/7 levels left

rFire    . . .     SeeInvis +   a - +0 war axe
rCold    . . .     Gourm    .   (no shield)
rNeg     . . .     Faith    .   b - +3 leather armour {rPois}
rPois    +         Spirit   .   o - +2 hat
rElec    .         Reflect  .   (no cloak)
rCorr    .         Harm     .   (no gloves)
MR       +....                  (no barding)
Stlth    +.........             (no amulet)
HPRegen  0.21/turn              y - ring of magical power
MPRegen  0.15/turn              (no ring)

@: short of breath, very slow
A: large, see invisible, deformed body, poison resistance, slowness 2, slow
metabolism 1, spit poison 1, AC +2
a: Spit Poison, Bend Time, Renounce Religion


You were on level 5 of the Dungeon.
You worshipped Cheibriados.
Cheibriados was noncommittal.
You were hungry.

You visited 2 branches of the dungeon, and saw 8 of its levels.

You collected 168 gold pieces.

Inventory:

Hand Weapons
 a - a +0 war axe (weapon)
 v - a +2 whip of flaming
Missiles
 d - 2 throwing nets (quivered)
Armour
 b - a +3 leather armour of poison resistance (worn)
 c - a +0 helmet
 o - a +2 hat (worn)
 z - a +0 plate armour
Jewellery
 y - a ring of magical power (left hand)
Wands
 s - a wand of paralysis (4)
 x - a wand of flame (9)
Scrolls
 g - a scroll of magic mapping {unknown}
 i - 2 scrolls of teleportation {unknown}
 j - a scroll of noise {unknown}
 l - 2 scrolls of fear {unknown}
 n - a scroll of random uselessness {unknown}
 p - a scroll of enchant armour {unknown}
 q - a scroll of identify {unknown}
 r - a scroll of enchant weapon {unknown}
 t - 4 scrolls of remove curse {unknown}
Potions
 e - a potion of ambrosia {unknown}
 h - 2 potions of brilliance {unknown}
 k - 3 potions of curing {unknown}
 m - 2 potions of haste {unknown}
 u - a potion of might {unknown}
 w - a potion of flight {unknown}
Comestibles
 f - 3 rations


   Skills:
 + Level 2.1 Fighting
 + Level 10.1 Axes
 - Level 1.7 Throwing
 + Level 0.3 Armour
 + Level 2.5 Dodging
 + Level 0.5 Invocations


You had 7 spell levels left.
You didn't know any spells.
Your spell library contained the following spells:

 Spells                   Type           Power        Failure   Level  Hunger
 Confusing Touch          Hex            #.....       43%         1    ##.....
 Confuse                  Hex            #.......     82%         3    ####...
 Gell's Gravitas          Tloc           #.........   82%         3    ####...
 Petrify                  Tmut/Erth      #.......     99%         4    #####..
 Metabolic Englaciation   Hex/Ice        #.........   100%        5    ######.
 Yara's Violent Unravell  Hex/Tmut       #.........   100%        5    ######.


Dungeon Overview and Level Annotations

Branches:
Dungeon (7/15)             Temple (1/1) D:6

Altars:
Ashenzari
Cheibriados
Dithmenos
Elyvilon
Fedhas
Gozag
Hepliaklqana
Kikubaaqudgha
Nemelex Xobeh
Okawaru
Qazlal
Ru
Trog
Uskayaw
Vehumet
Wu Jian
Xom
Yredelemnul
Zin

Annotations:
D:3 2 runed translucent doors, Nuz's ghost, amateur DESu
D:4 1 runed translucent door, Crazy Yiuf


Innate Abilities, Weirdness & Mutations

You cannot wear boots.
Your serpentine skin is tough. (AC +2)
You have supernaturally acute eyesight. (SInv)
Armour fits poorly on your strangely shaped body.
Your system is resistant to poisons. (rPois)
You cover ground very slowly.
You have a slow metabolism.
You can spit poison.


Message History

You closely miss the orc priest.
The orc priest is heavily wounded.
The orc throws a stone.
The stone barely misses you.
You can't do that yet.
Unknown command.
You closely miss the orc priest.
The orc priest is heavily wounded.
You have got your breath back.
The orc priest calls down the wrath of Beogh upon you.
Pain shoots through your body!
The orc throws a stone.
The stone hits you but does no damage.
Press: ? - help, Shift-Dir - straight line, f - orc priest
Aim: an orc priest, wielding a +0 flail (heavily wounded)
The splash of poison hits the orc priest.
The orc priest is poisoned.
The orc priest is almost dead.
You are feeling hungry.
The orc priest mumbles some strange prayers to Beogh against you.
Beogh smites you!
You die...

# .......#.##.#.##
#####.##...(.......
..o.o.o^...o##.#.##
..o#####.##.##.#.# .#.#
#.##s.....# .#o##
#..(o(....# ..o.#
####.###..#
.#..#######(###.o#########
.#...............@>)......
.##.#######?###o.#########
..... ........# ###.##
###(....... #.# ######....
#.# ####... #.# ... ###.#
.. ..#


You could see an orc priest and an orc.

Vanquished Creatures
  Pikel (D:4)
  Eustachio (D:3)
  An orc warrior (D:7)
  A scorpion (D:6)
  A crimson imp (D:4)
  A hound (D:5)
  2 orc priests (D:6)
  A jelly (D:6)
  Terence (D:3)
  2 orc wizards
  4 worker ants
  A hound zombie (D:7)
  5 adders (D:2)
  An adder skeleton (D:5)
  2 worms (D:3)
  3 dart slugs
  2 leopard geckos (D:4)
  11 orcs
  5 giant cockroaches
  10 hobgoblins
  4 jackals (D:2)
  8 kobolds
  10 bats
  3 frilled lizards
  8 goblins
  A leopard gecko zombie (D:5)
  7 rats
97 creatures vanquished.

Vanquished Creatures (others)
  An ooze (D:4)
  2 fungi (D:4)
3 creatures vanquished.

Grand Total: 100 creatures vanquished

Notes
Turn   | Place    | Note
-------+----------+-------------------------------------------
     0 | D:1      | Duffy the Naga Gladiator began the quest for the Orb.
     0 | D:1      | Reached XP level 1. HP: 19/19 MP: 1/1
   101 | D:1      | Reached XP level 2. HP: 23/26 MP: 2/2
   319 | D:1      | Reached skill level 4 in Axes
   552 | D:1      | Reached XP level 3. HP: 30/32 MP: 3/3
  1281 | D:2      | Reached XP level 4. HP: 37/39 MP: 4/4
  1567 | D:2      | Reached skill level 5 in Axes
  2049 | D:3      | Found a runed translucent door.
  2384 | D:3      | Found a bloodstained altar of Trog.
  2395 | D:3      | Noticed Nuz's ghost (amateur DESu)
  2410 | D:3      | Found a runed translucent door.
  2423 | D:3      | Noticed Terence
  2433 | D:3      | Killed Terence
  2433 | D:3      | Reached XP level 5. HP: 33/45 MP: 5/5
  2812 | D:3      | Reached skill level 6 in Axes
  2991 | D:4      | Noticed Eustachio
  3109 | D:4      | Reached XP level 6. HP: 35/52 MP: 6/6
  3174 | D:4      | Found a blossoming altar of Fedhas.
  3269 | D:3      | Killed Eustachio
  3269 | D:3      | Reached skill level 7 in Axes
  3529 | D:4      | Noticed a slave
  3529 | D:4      | Noticed Pikel
  3533 | D:4      | Noticed a slave
  3538 | D:4      | Noticed a slave
  3551 | D:4      | Killed Pikel
  3551 | D:4      | Reached skill level 9 in Axes
  3551 | D:4      | Reached XP level 7. HP: 60/60 MP: 7/7
  3643 | D:4      | Found a runed translucent door.
  3644 | D:4      | Noticed Crazy Yiuf
  3978 | D:5      | Entered Level 5 of the Dungeon
  3995 | D:4      | Reached XP level 8. HP: 66/67 MP: 8/8
  4111 | D:5      | Found a shadowy altar of Dithmenos.
  4345 | D:6      | Found a staircase to the Ecumenical Temple.
  4466 | Temple   | Entered the Ecumenical Temple
  4623 | Temple   | Became a worshipper of Cheibriados the Contemplative
  4697 | D:6      | Reached skill level 10 in Axes
  4780 | D:5      | Killed from afar by an orc priest

Vault maps used:
D:1:      dpeg_arrival_yet_another_circle, hex_intersection, minivault_23
D:2:      first_ration
D:3:      lemuel_round_altar, ebering_ghost_sewer_f, uniq_terence
D:4:      serial_bayou_pond_d, fedhas_altar_3, uniq_eustachio,
          uniq_crazy_yiuf_cottage, uniq_pikel
D:5:      overflow_temple_1_default, roderic_batcave
D:6:      minmay_temple_entry_large_hall, eino_tiny_chamber,
          chequers_serial_rivers_room_a
D:7:      grunt_temple_overflow_diamond, grunt_ogre_cave, serial_park_tiny_pond
Temple:   minmay_crystal_spiral_temple

Skill      XL: |  1  2  3  4  5  6  7  8 |
---------------+-------------------------+-----
Axes           | 4 5 6 9 10 | 10.1
Fighting       | |  2.1
Throwing       | |  1.7
Armour         | |  0.3
Dodging        | |  2.5
Invocations    | |  0.5

Action                   |  1- 3 |  4- 6 |  7- 9 || total
-------------------------+-------+-------+-------++-------
Melee: War axe           |   100 |   143 |    57 ||   300
Throw: Throwing net      |       |     3 |       ||     3
 Abil: Spit Poison       |     7 |    22 |     9 ||    38
Evoke: Wand              |       |       |     4 ||     4
 Stab: Held in net/web   |       |     1 |       ||     1
       Paralysed         |       |       |     7 ||     7
  Eat: Chunk             |       |     8 |       ||     8
       Ration            |       |       |     1 ||     1
Armor: Leather armour    |    45 |    45 |    29 ||   119
       Chain mail        |       |    54 |       ||    54
Dodge: Dodged            |    63 |    89 |    43 ||   195

Table legend:
 A = Non-vault XP
 B = Vault XP
 C = Vault XP percentage of total XP
 D = Non-vault monster count
 E = Vault monster count
 F = Vault count percentage of total count
                 A         B        C        D         E       F
            +---------+---------+-------+---------+---------+-------
      Total |     860 |     825 |  49.0 |      94 |       3 |   3.1
            +---------+---------+-------+---------+---------+-------
        D:1 |      51 |       0 |   0.0 |      30 |       0 |   0.0
        D:2 |      93 |       0 |   0.0 |      21 |       0 |   0.0
        D:3 |      64 |     232 |  78.4 |      14 |       2 |  12.5
        D:4 |     175 |     593 |  77.2 |      13 |       1 |   7.1
        D:5 |      51 |       0 |   0.0 |       4 |       0 |   0.0
        D:6 |     271 |       0 |   0.0 |       8 |       0 |   0.0
        D:7 |     155 |       0 |   0.0 |       4 |       0 |   0.0
            +---------+---------+-------+---------+---------+-------
